 Dungeon Crawl Stone Soup version 0.31-a0-150-g89dc3ad700 (webtiles) character file.

Game seed: 6239705738550490645

3031 qw the Skirmisher (level 9, -16/79 HPs)
             Began as a Minotaur Hunter on June 8, 2023.
             Was a Believer of Okawaru.
             Demolished by a skeletal warrior
             ... wielding a +0 war axe
              (28 damage)
             ... on level 7 of the Dungeon.
             The game lasted 00:02:36 (6109 turns).

qw the Skirmisher (Minotaur Hunter)                 Turns: 6109, Time: 00:02:37

Health: -16/79     AC:  7    Str: 15    XL:     9   Next: 56%
Magic:  10/11      EV: 18    Int:  6    God:    Okawaru [**....]
Gold:   436        SH:  5    Dex: 19    Spells: 8/8 levels left

rFire   + . .        Y - +0 orcbow
rCold   . . .        (shield currently unavailable)
rNeg    . . .        c - +1 leather armour {rPois}
rPois   +            (helmet restricted)
rElec   .            m - +0 cloak of the Other Side {rCorr}
rCorr   +            g - +0 pair of gloves
SInv    .            (no boots)
Will    .....        p - amulet of reflection
Stlth   +++          b - ring of protection from fire
HPRegen 0.33/turn    (no ring)
MPRegen 0.12/turn

%: reflection
@: about to teleport, heroic, slowed, very slow
A: horns 2, retaliatory headbutt
a: Renounce Religion, Heroism


You were on level 7 of the Dungeon.
You worshipped Okawaru.
Okawaru was pleased with you.
You visited 2 branches of the dungeon, and saw 8 of its levels.

You collected 436 gold pieces.


Innate Abilities, Weirdness & Mutations

You have a pair of horns on your head.
You reflexively headbutt those who attack you in melee.


   Skills:
 + Level 7.2(12.2) Fighting
 - Level 12.0(17.0) Ranged Weapons
 - Level 2.7(7.7) Armour
 - Level 5.0(10.0) Dodging
 - Level 0.7(5.7) Stealth
 - Level 4.0 Invocations


You had 8 spell levels left.
You didn't know any spells.
Your spell library was empty.

Inventory:

Hand Weapons
 Y - a +0 orcbow (weapon)
Armour
 c - a +1 leather armour of poison resistance (worn)
 g - a +0 pair of gloves (worn)
 h - a +2 ring mail of willpower
 i - a +0 leather armour of fire resistance
 m - the +0 cloak of the Other Side (worn) {rCorr}
   (You found it on level 6 of the Dungeon)

   rCorr:     It protects you from acid and corrosion.
Jewellery
 b - a ring of protection from fire (left hand)
 p - an amulet of reflection (around neck)
Scrolls
 a - 3 scrolls of teleportation
 d - 2 scrolls of identify
Potions
 e - 3 potions of heal wounds
 f - a potion of magic {unknown}
 j - a potion of mutation
 k - a potion of cancellation

Dungeon Overview and Level Annotations

Branches:
Dungeon (7/15)             Temple (1/1) D:4

Altars:
Ashenzari
Dithmenos
Elyvilon
Hepliaklqana
Nemelex Xobeh
Okawaru
Ru
Sif Muna
Trog
Uskayaw
Vehumet
Wu Jian
Xom
Yredelemnul
The Shining One

Shops:
D:3 :

Annotations:
D:3 1 runed translucent door, Crazy Yiuf


Message History

The arrow hits the scorpion but does no damage.
The scorpion is severely wounded.
You block the scorpion's attack.
The skeletal warrior hits you but does no damage.
The wraith closely misses you. You furiously retaliate!
You headbutt the wraith! You shoot an arrow.
The arrow barely misses the scorpion.
The scorpion barely misses you.
You shoot an arrow. The arrow hits the scorpion!
You kill the scorpion!
Okawaru accepts your kill.
The skeletal warrior closely misses you.
The wraith barely misses you.
Your base Ranged Weapons skill increases to level 12!
You shoot an arrow.
The arrow hits the wraith but does no damage.
The wraith is heavily damaged.
The skeletal warrior misses you. The wraith hits you but does no damage.
A wraith comes into view.
You shoot an arrow. The arrow hits the wraith.
The wraith is severely damaged.
The skeletal warrior closely misses you.
You block the wraith's attack.
You shoot an arrow. The arrow barely misses the wraith.
You shoot an arrow. The arrow closely misses the wraith.
The skeletal warrior barely misses you. The wraith hits you!
The wraith drains your vigour!
You feel yourself slow down.
You shoot an arrow.
The arrow hits the wraith but does no damage.
The wraith is severely damaged.
The skeletal warrior hits you with a +0 war axe!
The wraith completely misses you.
You shoot an arrow. The arrow closely misses the wraith.
The skeletal warrior hits you with a +0 war axe.
The wraith hits you. The wraith drains your vigour!
You feel as though you will be slow longer.
6109 ||| READING 4 scrolls of teleportation.
As you read the scroll of teleportation, it crumbles to dust.
You feel strangely unstable.
The skeletal warrior hits you with a +0 war axe!!
You die...

####................)#####.. ###
##.###................####### #.#
#.......................##...
#.###.......................####.
....#......................)).###
.........#.#######.###.........##
[..##....#.#..##.##..#...........
...##......#...%#..#.#.....##....
...###...#.# #@##.#..#...##....
..###......# #W#z#.##.#...#.....
...#.......# #. ###...#.........
.....#.##..# #. .#...........
.....#.###.# .# ##.....#...##
.......###.# . .# #.....#####.
.......#...# .# #..#....## #.
...........##########.....######)
..........................##.....


You could see a skeletal warrior and a wraith.

Vanquished Creatures
  3 wraiths (D:7)
  2 steam dragons
  4 water moccasins
  4 ice beasts
  4 black bears
  A centaur (D:5)
  A phantom (D:5)
  3 scorpions
  3 howler monkeys
  2 jellies
  2 hounds
  A gnoll bouda (D:7)
  Terence (D:3)
  An iguana (D:5)
  9 orc wizards
  8 gnolls
  5 adders
  An ufetubus (D:7)
  2 worms (D:2)
  A dart slug (D:2)
  12 orcs
  11 ball pythons
  2 bats
  11 endoplasms
  8 giant cockroaches
  6 goblins
  10 hobgoblins
  3 jackals (D:1)
  13 kobolds
  5 quokkas
  3 frilled lizards
  6 rats (D:2)
148 creatures vanquished.

Vanquished Creatures (others)
  A water moccasin (D:7)
  A gnoll (D:7)
2 creatures vanquished.

Grand Total: 150 creatures vanquished

Notes
Turn   | Place    | Note
-------+----------+-------------------------------------------
     0 | D:1      | qw the Minotaur Hunter began the quest for the Orb.
     0 | D:1      | Reached XP level 1. HP: 18/18 MP: 0/0
     0 | D:1      | 0 ||| qw: Version: 0.2-a-119-g0488c42
     0 | D:1      | 0 ||| qw: Game counter: 2748
     0 | D:1      | 0 ||| qw: Always use a shield: true
     0 | D:1      | 0 ||| qw: God list: Okawaru
     0 | D:1      | 0 ||| qw: Allow faded altars: false
     0 | D:1      | 0 ||| qw: Do Orc after D:15 true
     0 | D:1      | 0 ||| qw: Do second Lair branch before Depths: true
     0 | D:1      | 0 ||| qw: Lair rune preference: random
     0 | D:1      | 0 ||| qw: Plans: Normal
     0 | D:1      | 0 ||| PLANNING D:1-11
   152 | D:1      | Reached XP level 2. HP: 25/25 MP: 1/1
   168 | D:1      | Reached skill level 5 in Ranged Weapons
   247 | D:1      | Reached skill level 3 in Fighting
   332 | D:1      | Reached XP level 3. HP: 31/31 MP: 2/2
   781 | D:1      | 781 ||| UPGRADING to +0 pair of gloves.
   786 | D:1      | 786 ||| READING scroll labelled REAPLE IREDAA.
   787 | D:1      | 787 ||| DRINKING 2 puce potions.
   788 | D:1      | 788 ||| DROPPING scroll of butterflies.
  1060 | D:2      | Found a hide-covered altar of Uskayaw.
  1285 | D:2      | Reached XP level 4. HP: 33/38 MP: 3/3
  1405 | D:2      | Reached skill level 6 in Ranged Weapons
  1440 | D:2      | Reached skill level 1 in Armour
  1478 | D:2      | 1478 ||| UPGRADING to +0 leather armour of fire resistance.
  1488 | D:2      | 1488 ||| DROPPING +0 leather armour.
  1489 | D:2      | 1489 ||| UPGRADING to ring of protection from fire.
  1490 | D:2      | 1490 ||| READING scroll labelled ONTYUD NUOCZAZA.
  1491 | D:2      | 1491 ||| READING scroll labelled XEDDONT YLUY.
  1498 | D:2      | 1498 ||| READING scroll labelled WURAIN PANY.
  1499 | D:2      | 1499 ||| READING scroll labelled CEEMOU VEMNUI.
  1579 | D:3      | Found a radiant altar of Vehumet.
  1762 | D:3      | Found a runed translucent door.
  1763 | D:3      | Noticed Crazy Yiuf
  1800 | D:3      | Found Toot's Book Shop.
  1885 | D:3      | Noticed Terence
  1898 | D:3      | Killed Terence
  1899 | D:3      | Reached XP level 5. HP: 15/46 MP: 4/4
  2118 | D:3      | 2118 ||| READING scroll labelled PIPTOO OPHE.
  2120 | D:3      | 2120 ||| Stepping ~*~*~tactically~*~*~ (cloud).
  2319 | D:4      | Noticed a black bear
  2328 | D:4      | 2328 ||| STAIRDANCE
  2338 | D:3      | Killed a black bear
  2339 | D:3      | Reached skill level 7 in Ranged Weapons
  2498 | D:4      | Reached XP level 6. HP: 52/52 MP: 5/5
  2759 | D:4      | Found a staircase to the Ecumenical Temple.
  2761 | D:4      | 2761 ||| PLANNING TEMPLE
  2761 | D:4      | 2761 ||| DROPPING +0 ring mail.
  2762 | D:4      | 2762 ||| UPGRADING to +2 ring mail of willpower.
  2772 | D:4      | 2772 ||| READING scroll labelled SUGAD YSMOSTOE.
  2875 | D:4      | 2875 ||| READING 3 scrolls of identify.
  2875 | D:4      | 2875 ||| IDENTIFYING golden potion
  2876 | D:4      | 2876 ||| READING 2 scrolls of identify.
  2876 | D:4      | 2876 ||| IDENTIFYING fuming inky potion
  2885 | Temple   | Entered the Ecumenical Temple
  2903 | Temple   | 2903 ||| PLANNING OKAWARU WORSHIP
  2946 | Temple   | Became a worshipper of Warmaster Okawaru
  2946 | Temple   | 2946 ||| PLANNING D:1-11
  3217 | D:4      | Found a glowing golden altar of the Shining One.
  3258 | D:4      | 3258 ||| READING 3 scrolls of identify.
  3258 | D:4      | 3258 ||| IDENTIFYING cyan potion
  3259 | D:4      | 3259 ||| READING 2 scrolls of identify.
  3259 | D:4      | 3259 ||| IDENTIFYING bubbling black potion
  3260 | D:4      | 3260 ||| DROPPING potion of berserk rage.
  3274 | D:5      | Entered Level 5 of the Dungeon
  3285 | D:5      | 3285 ||| STAIRDANCE
  3299 | D:4      | Reached skill level 8 in Ranged Weapons
  3616 | D:5      | Reached * piety under Okawaru
  3617 | D:5      | Reached XP level 7. HP: 19/61 MP: 6/6
  3778 | D:5      | 3778 ||| SWAPPING to +0 orcbow.
  3779 | D:5      | 3779 ||| DROPPING +0 shortbow.
  3792 | D:5      | Reached skill level 1 in Invocations
  3914 | D:5      | 3914 ||| INVOKING Heroism.
  3918 | D:5      | Reached skill level 3 in Dodging
  4084 | D:5      | 4084 ||| INVOKING Heroism.
  4232 | D:5      | Reached XP level 8. HP: 56/68 MP: 7/9
  4296 | D:5      | Reached skill level 3 in Invocations
  4472 | D:5      | 4472 ||| UPGRADING to +1 leather armour of poison
                  | resistance.
  4594 | D:6      | Found a shimmering altar of Xom.
  4602 | D:6      | Identified the +0 cloak of the Other Side {rCorr}
  4640 | D:6      | 4640 ||| INVOKING Heroism.
  4642 | D:6      | Reached skill level 9 in Ranged Weapons
  4655 | D:6      | Reached skill level 6 in Fighting
  4662 | D:6      | 4662 ||| INVOKING Heroism.
  4789 | D:6      | 4789 ||| INVOKING Heroism.
  4792 | D:6      | Reached skill level 10 in Ranged Weapons
  4818 | D:6      | 4818 ||| INVOKING Heroism.
  4954 | D:6      | Found a broken altar of Ashenzari.
  4972 | D:6      | Found a white marble altar of Elyvilon.
  5313 | D:6      | 5313 ||| UPGRADING to +0 cloak of the Other Side {rCorr}.
  5318 | D:6      | 5318 ||| DROPPING +0 leather armour of willpower.
  5328 | D:6      | 5328 ||| UPGRADING to amulet of reflection.
  5333 | D:6      | 5333 ||| READING 2 scrolls labelled QIFOAL SE KOIN.
  5334 | D:6      | 5334 ||| DROPPING scroll of amnesia.
  5367 | D:7      | 5367 ||| STAIRDANCE
  5369 | D:6      | Reached ** piety under Okawaru
  5370 | D:6      | Reached XP level 9. HP: 66/79 MP: 11/11
  5538 | D:7      | 5538 ||| Stepping ~*~*~tactically~*~*~ (outnumbered).
  5540 | D:7      | 5540 ||| Stepping ~*~*~tactically~*~*~ (outnumbered).
  5542 | D:7      | 5542 ||| Stepping ~*~*~tactically~*~*~ (outnumbered).
  5547 | D:7      | 5547 ||| DRINKING potion of curing.
  5547 | D:7      | 5547 ||| (to cure confusion)
  5605 | D:7      | 5605 ||| Stepping ~*~*~tactically~*~*~ (outnumbered).
  5765 | D:7      | 5765 ||| INVOKING Heroism.
  5766 | D:7      | 5766 ||| Stepping ~*~*~tactically~*~*~ (outnumbered).
  5777 | D:7      | 5777 ||| Stepping ~*~*~tactically~*~*~ (outnumbered).
  5834 | D:7      | Reached skill level 11 in Ranged Weapons
  5975 | D:7      | 5975 ||| INVOKING Heroism.
  6096 | D:7      | Noticed a skeletal warrior
  6097 | D:7      | 6097 ||| INVOKING Heroism.
  6103 | D:7      | Reached skill level 12 in Ranged Weapons
  6108 | D:7      | HP: 18/79 [skeletal warrior/+0 war axe (3)]
  6109 | D:7      | 6109 ||| READING 4 scrolls of teleportation.
  6109 | D:7      | Demolished by a skeletal warrior

Levels and vault maps discovered:
D:1:      tekkud_arrival_beachfront_property, layout_basic, serial_corexii_hall,
          corexii_hall_statues_x, corexii_hall_statues_t
D:2:      layout_basic, basic_altar, kennysheep_cross_bottleneck
D:3:      layout_rooms, mainiacjoe_overflow_concentric_impassable, serial_shops,
          nicolae_shop_stone, uniq_terence, uniq_crazy_yiuf_cottage
D:4:      layout_loops_cross, tso_oasis_becter, minmay_temple_entry_ruins,
          minmay_circle_x
D:5:      layout_loops_cross, grunt_ministairs_4
D:6:      layout_basic, elyvilon_altar_1, mainiacjoe_overflow_tiny_flanked,
          general_overflow_altar, minmay_misc_feat_alley,
          kennysheep_generic_room_5
D:7:      minmay_flawed_box, layout_cave_pools, minmay_guarded_unrand_finisher
Temple:   cyrus_temple_forest

Skill      XL: |  1  2  3  4  5  6  7  8  9 |
---------------+----------------------------+-----
Ranged Weapons | 5 6 7 8 10 12 | 12.0
Fighting       | 3 4 5 7 |  7.2
Armour         | 1 2 |  2.7
Invocations    | 2 4 |  4.0
Dodging        | 3 4 5 |  5.0
Stealth        | |  0.7

Action                     |  1- 3 |  4- 6 |  7- 9 || total
---------------------------+-------+-------+-------++-------
   Fire: Shortbow          |   142 |   226 |       ||   368
         Orcbow            |       |       |   232 ||   232
 Invoke: Heroism           |       |       |     9 ||     9
    Use: Scroll            |     1 |    10 |     2 ||    13
         Potion            |     1 |       |     1 ||     2
 Armour: Leather armour    |     8 |    26 |    23 ||    57
         Ring mail         |       |    31 |    10 ||    41
  Dodge: Dodged            |    20 |    85 |    92 ||   197
  Block: Other             |       |       |    12 ||    12

Table legend:
 A = Non-vault XP
 B = Vault XP
 C = Vault XP percentage of total XP
 D = Non-vault monster count
 E = Vault monster count
 F = Vault count percentage of total count
                 A         B        C        D         E       F
            +---------+---------+-------+---------+---------+-------
      Total |    2813 |    1517 |  35.0 |     120 |      29 |  19.5
            +---------+---------+-------+---------+---------+-------
        D:1 |      56 |       0 |   0.0 |      29 |       0 |   0.0
        D:2 |      76 |       0 |   0.0 |      26 |       0 |   0.0
        D:3 |      57 |     160 |  73.7 |      19 |       2 |   9.5
        D:4 |      82 |     132 |  61.7 |      10 |       8 |  44.4
        D:5 |     975 |      26 |   2.6 |      14 |       5 |  26.3
        D:6 |    1003 |     311 |  23.7 |      13 |       4 |  23.5
        D:7 |     564 |     888 |  61.2 |       9 |      10 |  52.6
            +---------+---------+-------+---------+---------+-------
